 Dungeon Crawl Stone Soup version 0.31.0-12-g77e489cdc1 (webtiles) character file.

Game seed: 1236867139690062633

1197 Macronical the Trooper (level 8, -20/52 HPs)
             Began as a Gargoyle Fighter on Feb 13, 2024.
             Was an Initiate of Hepliaklqana.
             Killed from afar by an acid dragon (23 damage)
             ... with a splash of acid
             ... on level 6 of the Dungeon.
             The game lasted 00:45:31 (4238 turns).

Macronical the Trooper (Gargoyle Fighter)           Turns: 4238, Time: 00:45:31

Health: -20/52     AC:  8    Str: 25    XL:     8   Next: 44%
Magic:  8/8        EV: 10    Int:  9    God:    Hepliaklqana [......]
Gold:   246        SH:  5    Dex:  8    Spells: 7/7 levels left

rFire   . . .        g - +3 flail (protect)
rCold   + . .        c - +0 buckler
rNeg    + . .        n - +2 scale mail {Will+}
rPois   ∞            f - +0 helmet
rElec   +            (no cloak)
rCorr   .            (no gloves)
SInv    .            (no boots)
Will    +....        (no amulet) Stlth
                     y - +4 ring of protection
HPRegen 0.28/turn    J - ring of protection from cold
MPRegen 0.11/turn

%: no passive effects
@: corroded
A: sickness immunity, AC +5, negative energy resistance 1, electricity
resistance, torment resistance 1, petrification resistance, screaming 1, strong
1, sturdy frame 1
a: Renounce Religion


You were on level 6 of the Dungeon.
You worshipped Hepliaklqana.
Hepliaklqana was noncommittal.
You visited 2 branches of the dungeon, and saw 7 of its levels.

You collected 246 gold pieces.

Inventory:

Hand Weapons
 d - a +1 dagger of venom
 g - a +3 flail of protection (weapon)
 h - a +1 heavy hand axe
 i - a +2 dagger of flaming
 j - a +2 quarterstaff of chaos
 l - a +1 whip of draining
 m - a +2 flail of protection
 V - a +1 dagger of venom
Armour
 c - a +0 buckler (worn)
 f - a +0 helmet (worn)
 n - a +2 scale mail of willpower (worn)
Jewellery
 y - a +4 ring of protection (left hand)
 J - a ring of protection from cold (right hand)
Scrolls
 e - 2 scrolls of identify
 P - 3 scrolls of amnesia
Potions
 a - a potion of attraction {unknown}
 p - a potion of brilliance {unknown}
 R - 2 potions of curing


   Skills:
 + Level 6.3 Fighting
 + Level 5.1 Maces & Flails
 + Level 6.2 Armour
 + Level 6.3 Shields


You had 7 spell levels left.
You didn't know any spells.
Your spell library contained the following spells:

 Spells                   Type           Power      Damage    Failure   Level
 Sandblast                Erth           0%         2d4       61%         1
 Passwall                 Erth           0%         N/A       93%         3
 Stone Arrow              Conj/Erth      0%         3d7       93%         3
 Brom's Barrelling Bould  Conj/Erth      0%         2d3       100%        4


Dungeon Overview and Level Annotations

Branches:
Dungeon (6/15)             Temple (1/1) D:5

Altars:
Ashenzari
Cheibriados
Dithmenos
Elyvilon
Fedhas
Gozag
Hepliaklqana
Kikubaaqudgha
Makhleb
Nemelex Xobeh
Okawaru
Qazlal
Ru
Sif Muna
Trog
Uskayaw
Vehumet
Wu Jian
Xom
Yredelemnul
Zin
The Shining One

Shops:
D:4 (

Annotations:
D:3 Sigmund
D:5 exclusion: statue


Innate Abilities, Weirdness & Mutations

You are immune to sickness and miasma.
Your stone body is resilient. (AC +5)
You are immune to poison.
You resist negative energy. (rN+)
You are resistant to electric shocks. (rElec)
You are resistant to unholy torment.
You are immune to petrification.
You occasionally shout uncontrollably at your foes.
Your muscles are strong. (Str +4, Int/Dex -1)
Your movements are slightly less encumbered by armour. (ER -2)


Message History

The acid dragon bites you but does no damage.
The acid dragon claws you but does no damage.
You sock the acid dragon!
The acid dragon is moderately wounded.
The acid dragon spits acid at you. The splash of acid hits you!
The acid corrodes you!
You closely miss the acid dragon.
The acid dragon is moderately wounded.
The acid dragon bites you but does no damage.
The acid dragon claws you but does no damage.
The acid dragon bites you but does no damage.
The acid dragon claws you but does no damage.
You hit the acid dragon.
The acid dragon is moderately wounded.
The acid dragon bites you but does no damage.
The acid dragon barely misses you.
You hit the acid dragon but do no damage.
The acid dragon is moderately wounded.
The acid dragon spits acid at you. The splash of acid hits you!
The acid corrodes you!
You hear a shout!
The acid dragon bites you but does no damage.
The acid dragon barely misses you. The acid dragon spits acid at you.
The splash of acid hits you!
* * * LOW HITPOINT WARNING * * *
The acid corrodes you!
You feel better.
You closely miss the acid dragon.
The acid dragon is moderately wounded.
The acid dragon barely misses you. The acid dragon claws you.
The acid dragon spits acid at you. You block the splash of acid.
The acid dragon spits acid at you. The splash of acid hits you!
* * * LOW HITPOINT WARNING * * *
The acid corrodes you! The acid dragon spits acid at you.
The splash of acid hits you!!
You die...

##............# #...#
###.<........# #...#
##.........##### #...#
#.............#####...#..
#........D###B#..B......#
##.......####..B####..###
##......# #..### ..#
##.###.###..### B##
#.###@#......# ##
#...#...####.....
##.....## ..... #.##..#
...# #................
#............# ###
#.............#
$..#...........#
....########.#...


You could see an acid dragon (catching breath).

Vanquished Creatures
  A hornet (D:5)
  Edmund (D:6)
  A sky beast (D:6)
  An ice beast (D:6)
  2 ogres (D:5)
  A bullfrog (D:6)
  A howler monkey (D:5)
  An orc priest (D:6)
  2 hounds (D:5)
  A gnoll bouda (D:5)
  2 sleepcaps
  Crazy Yiuf (D:5)
  An orc wizard (D:6)
  4 gnolls (D:5)
  6 adders
  2 ufetubi (D:5)
  2 dart slugs (D:1)
  A ribbon worm (D:2)
  13 orcs
  4 ball pythons
  3 bats
  4 endoplasms
  A giant cockroach (D:2)
  3 goblins
  6 hobgoblins
  14 jackals
  12 kobolds
  7 rats
98 creatures vanquished.

Notes
Turn   | Place    | Note
-------+----------+-------------------------------------------
     0 | D:1      | Macronical the Gargoyle Fighter began the quest for the
                  | Orb.
     0 | D:1      | Reached XP level 1. HP: 14/14 MP: 1/1
   142 | D:1      | You fall into a shaft and drop 1 floor!
   185 | D:2      | Reached XP level 2. HP: 10/19 MP: 2/2
   224 | D:2      | Found a blossoming altar of Fedhas.
   507 | D:1      | Reached XP level 3. HP: 21/23 MP: 3/3
  1364 | D:2      | Reached XP level 4. HP: 28/29 MP: 4/4
  2030 | D:3      | Noticed Sigmund
  2072 | D:4      | Gained mutation: You have large cloven feet. [potion of
                  | mutation]
  2072 | D:4      | Gained mutation: You are frail. (-10% HP) [potion of
                  | mutation]
  2073 | D:4      | Lost mutation: You are frail. (-10% HP) [potion of
                  | mutation]
  2073 | D:4      | Lost mutation: You have large cloven feet. [potion of
                  | mutation]
  2073 | D:4      | Gained mutation: You occasionally shout uncontrollably at
                  | your foes. [potion of mutation]
  2073 | D:4      | Gained mutation: Your muscles are strong. (Str +4, Int/Dex
                  | -1) [potion of mutation]
  2073 | D:4      | Gained mutation: Your movements are slightly less
                  | encumbered by armour. (ER -2) [potion of mutation]
  2074 | D:4      | Found Soimoamo's Antique Weapon Shop.
  2456 | D:4      | Reached XP level 5. HP: 33/33 MP: 5/5
  2675 | D:5      | Entered Level 5 of the Dungeon
  2796 | D:5      | Noticed a hornet
  2798 | D:5      | Noticed an ogre
  2810 | D:5      | Killed a hornet
  2811 | D:5      | Reached skill level 5 in Fighting
  2811 | D:5      | Reached skill level 5 in Shields
  2811 | D:5      | Reached XP level 6. HP: 40/40 MP: 6/6
  2816 | D:5      | Reached skill level 5 in Armour
  2816 | D:5      | Reached XP level 7. HP: 32/44 MP: 7/7
  2907 | D:5      | Found a staircase to the Ecumenical Temple.
  2919 | Temple   | Entered the Ecumenical Temple
  3160 | Temple   | Became a worshipper of Hepliaklqana the Forgotten
  3348 | D:5      | Found a radiant altar of Vehumet.
  3709 | D:5      | Found a runed translucent door.
  3710 | D:5      | Noticed Crazy Yiuf
  3721 | D:5      | Killed Crazy Yiuf
  4068 | D:6      | Noticed Edmund
  4088 | D:6      | Killed Edmund
  4089 | D:6      | Reached XP level 8. HP: 50/51 MP: 8/8
  4097 | D:6      | Reached skill level 5 in Maces & Flails
  4236 | D:6      | HP: 2/52 [acid dragon/splash of acid (15)]
  4238 | D:6      | Killed from afar by an acid dragon

Illustrated notes

Levels and vault maps discovered:
D:1:      wander_arrival_desolate, layout_basic
D:2:      layout_loops_ring, basic_altar
D:3:      layout_basic, lightli_sewer_entry_pipes, serial_rivers,
          chequers_serial_rivers_micro_b, chequers_serial_rivers_large_b,
          chequers_serial_rivers_room_b, chequers_serial_rivers_micro_a,
          uniq_sigmund
D:4:      layout_rooms, serial_shops, shop
D:5:      layout_basic, vehumet_statue, temple_green, uniq_crazy_yiuf_cottage
D:6:      layout_rooms, uniq_edmund
Temple:   roderic_octagonal_lattice_temple

Skill      XL: |  1  2  3  4  5  6  7  8 |
---------------+-------------------------+-----
Fighting       | 4 5 6 |  6.3
Shields        | 4 5 6 |  6.3
Armour         | 4 5 6 |  6.2
Maces & Flails | 3 4 5 |  5.1

Action                     |  1- 3 |  4- 6 |  7- 9 || total
---------------------------+-------+-------+-------++-------
  Melee: Flail             |    34 |       |    75 ||   109
         Whip              |    84 |    87 |    50 ||   221
   Fire: Sling             |       |    11 |       ||    11
    Use: Scroll            |     2 |     5 |     3 ||    10
         Potion            |       |     3 |     5 ||     8
 Armour: Scale mail        |   106 |    58 |   104 ||   268
  Dodge: Dodged            |    88 |    54 |    59 ||   201
  Block: Buckler           |    40 |    23 |    27 ||    90
